 Dungeon Crawl Stone Soup version 0.32-a0-643-ga006e7742e (webtiles) character file.

Game seed: 13276391026342075863

269 Darkkill the Shooter (level 6, -5/52 HPs)
             Began as a Minotaur Hunter on Mar 7, 2024.
             Killed from afar by Blork the orc (10 damage)
             ... with a magic dart
             ... on level 4 of the Dungeon.
             The game lasted 00:05:19 (2693 turns).

Darkkill the Shooter (Minotaur Hunter)              Turns: 2693, Time: 00:05:20

Health: -5/52      AC:  4    Str: 15    XL:     6   Next: 1%
Magic:  5/5        EV: 13    Int:  6    God:
Gold:   1143       SH:  0    Dex: 16    Spells: 5/5 levels left

rFire   . . .        a - +0 shortbow
rCold   . . .        (shield currently unavailable)
rNeg    . . .        c - +1 leather armour
rPois   .            (helmet restricted)
rElec   .            (no cloak)
rCorr   .            (no gloves)
SInv    .            (no boots)
Will    .....        (no amulet)
Stlth   ++           (no ring)
HPRegen 0.28/turn    (no ring)
MPRegen 0.09/turn

%: no passive effects
@: no status effects
A: horns 2, retaliatory headbutt
a: no special abilities


You were on level 4 of the Dungeon.
You visited 1 branch of the dungeon, and saw 4 of its levels.

You collected 1143 gold pieces.

Inventory:

Hand Weapons
 a - a +0 shortbow (weapon)
Missiles
 f - 20 stones
 h - 12 poisoned darts
Armour
 c - a +1 leather armour (worn)
Scrolls
 i - 2 scrolls of revelation
Potions
 d - a potion of heal wounds {unknown}
 e - a potion of magic


   Skills:
 + Level 4.3 Fighting
 + Level 5.5 Ranged Weapons
 + Level 3.9 Dodging
 + Level 2.6 Stealth


You had 5 spell levels left.
You didn't know any spells.
Your spell library contained the following spells:

 Spells                   Type           Power      Damage    Failure   Level
 Apportation              Tloc           0%         N/A       52%         1
 Necrotise                Necr           0%         1d4       52%         1
 Sting                    Conj/Alch      0%         1d3       52%         1
 Summon Small Mammal      Summ           0%         N/A       52%         1


Dungeon Overview and Level Annotations

Branches:
Dungeon (4/15)
 Temple: D:4-7

Altars:

Annotations:
D:3 1 runed translucent door, Crazy Yiuf
D:4 Blork the orc


Innate Abilities, Weirdness & Mutations

You have a pair of horns on your head.
You reflexively headbutt those who attack you in melee.


Message History

HP restored.
You climb downwards.
Level annotation: Blork the orc
There is a stone staircase leading up here.
Fire: a) +0 shortbow
Press: ? - help, Q - select action, (/) - cycle Shift-Dir - straight line, f - Blork the orc
Aim: Blork the orc, wielding a +2 long sword of freezing and wearing a +0 robe (68% to hit)
You shoot an arrow. The arrow hits Blork the orc!
Blork the orc is moderately wounded.
Fire: a) +0 shortbow
Press: ? - help, Q - select action, (/) - cycle Shift-Dir - straight line, f/p - Blork the orc
Aim: Blork the orc, wielding a +2 long sword of freezing and wearing a +0 robe (moderately wounded, 68% to hit)
You shoot an arrow.
The arrow hits Blork the orc but does no damage.
Blork the orc is moderately wounded.
Blork the orc closely misses you.
Fire: a) +0 shortbow
Press: ? - help, Q - select action, (/) - cycle Shift-Dir - straight line, f/p - Blork the orc
Aim: Blork the orc, wielding a +2 long sword of freezing and wearing a +0 robe (moderately wounded, 68% to hit)
You shoot an arrow. The arrow hits Blork the orc.
Blork the orc is heavily wounded.
Blork the orc hits you with a +2 long sword of freezing.
Blork the orc freezes you.
Fire: a) +0 shortbow
Press: ? - help, Q - select action, (/) - cycle Shift-Dir - straight line, f/p - Blork the orc
Aim: Blork the orc, wielding a +2 long sword of freezing and wearing a +0 robe (heavily wounded, 68% to hit)
You shoot an arrow. The arrow hits Blork the orc.
Blork the orc is severely wounded.
Blork the orc closely misses you.
Fire: a) +0 shortbow
Press: ? - help, Q - select action, (/) - cycle Shift-Dir - straight line, f/p - Blork the orc
Aim: Blork the orc, wielding a +2 long sword of freezing and wearing a +0 robe (severely wounded, 68% to hit)
You shoot an arrow.
The arrow hits Blork the orc but does no damage.
Blork the orc is severely wounded.
Blork the orc hits you with a +2 long sword of freezing!
Blork the orc freezes you.
Blork the orc hits you but does no damage.
Fire: a) +0 shortbow
Press: ? - help, Q - select action, (/) - cycle Shift-Dir - straight line, f/p - Blork the orc
Aim: Blork the orc, wielding a +2 long sword of freezing and wearing a +0 robe (severely wounded, 68% to hit)
You shoot an arrow. The arrow closely misses Blork the orc.
Blork the orc barely misses you.
Fire: a) +0 shortbow
Press: ? - help, Q - select action, (/) - cycle Shift-Dir - straight line, f/p - Blork the orc
Aim: Blork the orc, wielding a +2 long sword of freezing and wearing a +0 robe (severely wounded, 68% to hit)
You shoot an arrow. The arrow barely misses Blork the orc.
Blork the orc screams, "I'll break your arms!"
Blork the orc hits you with a +2 long sword of freezing.
Blork the orc freezes you.
Fire: a) +0 shortbow
Press: ? - help, Q - select action, (/) - cycle Shift-Dir - straight line, f/p - Blork the orc
Aim: Blork the orc, wielding a +2 long sword of freezing and wearing a +0 robe (severely wounded, 68% to hit)
You shoot an arrow. The arrow closely misses Blork the orc.
Blork the orc gestures wildly while chanting.
Blork the orc seems to speed up.
Fire: a) +0 shortbow
Press: ? - help, Q - select action, (/) - cycle Shift-Dir - straight line, f/p - Blork the orc
Aim: Blork the orc, wielding a +2 long sword of freezing and wearing a +0 robe (severely wounded, fast, 68% to hit)
You shoot an arrow. The arrow hits Blork the orc.
Blork the orc is severely wounded.
Blork the orc hits you with a +2 long sword of freezing.
Blork the orc freezes you.
Blork the orc hits you with a +2 long sword of freezing.
Blork the orc freezes you.
Fire: a) +0 shortbow
Press: ? - help, Q - select action, (/) - cycle Shift-Dir - straight line, f/p - Blork the orc
Aim: Blork the orc, wielding a +2 long sword of freezing and wearing a +0 robe (severely wounded, fast, 68% to hit)
You shoot an arrow.
The arrow hits Blork the orc but does no damage.
Blork the orc is severely wounded.
Blork the orc screams, "I'll break your legs!"
Blork the orc closely misses you. You furiously retaliate!
You headbutt Blork the orc!
Blork the orc hits you but does no damage.
Fire: a) +0 shortbow
Press: ? - help, Q - select action, (/) - cycle Shift-Dir - straight line, f/p - Blork the orc
Aim: Blork the orc, wielding a +2 long sword of freezing and wearing a +0 robe (almost dead, fast, 68% to hit)
You shoot an arrow. The arrow barely misses Blork the orc.
Blork the orc casts a spell at you. The magic dart hits you!
* * * LOW HITPOINT WARNING * * *
Fire: a) +0 shortbow
Press: ? - help, Q - select action, (/) - cycle Shift-Dir - straight line, f/p - Blork the orc
Aim: Blork the orc, wielding a +2 long sword of freezing and wearing a +0 robe (almost dead, fast, 68% to hit)
You shoot an arrow. The arrow barely misses Blork the orc.
Blork the orc misses you.
Blork the orc hits you with a +2 long sword of freezing!
* * * LOW HITPOINT WARNING * * *
Blork the orc freezes you.
* * * LOW HITPOINT WARNING * * *
Fire: a) +0 shortbow
Press: ? - help, Q - select action, (/) - cycle Shift-Dir - straight line, f/p - Blork the orc
Aim: Blork the orc, wielding a +2 long sword of freezing and wearing a +0 robe (almost dead, fast, 68% to hit)
You shoot an arrow. The arrow hits Blork the orc.
Blork the orc is almost dead.
Blork the orc looks angry.
Blork the orc gestures at you while chanting.
The magic dart hits you!
You die...

##### ###### #...# .....#
#...# .....# #...#
.....#############...#
.....#.........##....#
.....#.........o@....#
.....#...........#...#
...............###...#....
..####.........# #...#....
#...##.........#######..# ...
.....).g.......##.......##...
.......g.....................
.$.....................#.#.#.
..)......................)...


You could see Blork the orc (fast).

Vanquished Creatures
  A water moccasin (D:3)
  An orc priest (D:3)
  4 adders
  6 dart slugs
  2 ribbon worms
  10 orcs (D:3)
  2 endoplasms (D:1)
  3 giant cockroaches (D:3)
  7 goblins
  A hobgoblin (D:2)
  5 quokkas
  7 ball pythons
  8 bats
  5 frilled lizards
  6 kobolds
  9 rats
77 creatures vanquished.

Notes
Turn   | Place    | Note
-------+----------+-------------------------------------------
     0 | D:1      | Darkkill the Minotaur Hunter began the quest for the Orb.
     0 | D:1      | Reached XP level 1. HP: 18/18 MP: 0/0
    73 | D:1      | Reached skill level 1 in Stealth
   103 | D:1      | Reached XP level 2. HP: 25/25 MP: 1/1
   715 | D:2      | Reached XP level 3. HP: 31/31 MP: 2/2
  1123 | D:3      | Reached skill level 5 in Ranged Weapons
  1123 | D:3      | Reached XP level 4. HP: 13/38 MP: 3/3
  1358 | D:3      | Noticed a water moccasin
  1370 | D:3      | Killed a water moccasin
  1371 | D:3      | Reached XP level 5. HP: 20/46 MP: 4/4
  1666 | D:3      | Found a runed translucent door.
  1667 | D:3      | Noticed Crazy Yiuf
  2394 | D:3      | Identified a scroll of acquirement
  2394 | D:3      | Acquired 951 gold pieces
  2449 | D:4      | Reached XP level 6. HP: 52/52 MP: 5/5
  2469 | D:4      | HP: 10/52 [burnt (3)]
  2475 | D:4      | HP: 8/52 [burnt (4)]
  2491 | D:4      | HP: 9/52 [burnt (4)]
  2492 | D:4      | Noticed Blork the orc
  2493 | D:4      | HP: 3/52 [burnt (4)]
  2516 | D:4      | HP: 6/52 [Blork the orc/magic dart (4)]
  2692 | D:4      | HP: 7/52 [Blork the orc/+2 long sword of freezing (7)]
  2693 | D:4      | Killed from afar by Blork the orc

Illustrated notes

Levels and vault maps discovered:
D:1:      saegor_arrival_simple_e, layout_basic,
          wander_ebering_terrifying_dragon_lair
D:2:      layout_basic, nicolae_titane
D:3:      layout_loops_corners, mainiacjoe_sewer_entry_somewhere_in_here_2,
          minmay_misc_feat_five, chequers_decorated_corner,
          uniq_crazy_yiuf_cottage
D:4:      layout_rooms, nicolae_uskayaw_murder_on_the_dancefloor,
          nicolae_gozag_cash_rules_everything_around_me, glass_columns_c,
          dk_vineyard_2, minmay_hedge_maze, uniq_blork_the_orc, uniq_grinder

Skill      XL: |  1  2  3  4 |
---------------+-------------+-----
Stealth        | 1 2 |  2.6
Fighting       | 3 4 |  4.3
Dodging        | 3 |  3.9
Ranged Weapons | 5 |  5.5

Action                     |  1- 3 |  4- 6 || total
---------------------------+-------+-------++-------
   Fire: Shortbow          |   122 |   113 ||   235
    Use: Scroll            |     4 |     4 ||     8
         Potion            |       |     3 ||     3
 Armour: Leather armour    |    21 |    38 ||    59
  Dodge: Dodged            |    31 |    51 ||    82

Table legend: (Time is in decaauts)
 A = Elapsed time spent in this place.
 B = Non-inter-level travel time spent in this place.
 C = Inter-level travel time spent in this place.
 D = Time resting spent in this place.
 E = Time spent auto-exploring this place.
 F = Levels seen in this place.
 G = Mean time per level.
                   A        B        C        D        E       F      G
               +--------+--------+--------+--------+--------+-----+--------+
         Total |   2751 |   2648 |    103 |    154 |   2024 |   4 |  687.8 |
       Dungeon |   2751 |   2648 |    103 |    154 |   2024 |   4 |  687.8 |
               +--------+--------+--------+--------+--------+-----+--------+

Top non-repeatable levels by time:
     D:3: 1510 daAuts
     D:1: 648 daAuts
     D:2: 446 daAuts
     D:4: 145 daAuts

Levels and vault maps discovered:
D:1:      saegor_arrival_simple_e, layout_basic,
          wander_ebering_terrifying_dragon_lair
D:2:      layout_basic, nicolae_titane
D:3:      layout_loops_corners, mainiacjoe_sewer_entry_somewhere_in_here_2,
          minmay_misc_feat_five, chequers_decorated_corner,
          uniq_crazy_yiuf_cottage
D:4:      layout_rooms, nicolae_uskayaw_murder_on_the_dancefloor,
          nicolae_gozag_cash_rules_everything_around_me, glass_columns_c,
          dk_vineyard_2, minmay_hedge_maze, uniq_blork_the_orc, uniq_grinder

Table legend: (Time is in decaauts)
 A = Elapsed time spent in this place.
 B = Non-inter-level travel time spent in this place.
 C = Inter-level travel time spent in this place.
 D = Time resting spent in this place.
 E = Time spent auto-exploring this place.
 F = Levels seen in this place.
 G = Mean time per level.
                   A        B        C        D        E       F      G
               +--------+--------+--------+--------+--------+-----+--------+
         Total |   2751 |   2648 |    103 |    154 |   2024 |   4 |  687.8 |
       Dungeon |   2751 |   2648 |    103 |    154 |   2024 |   4 |  687.8 |
               +--------+--------+--------+--------+--------+-----+--------+

Top non-repeatable levels by time:
     D:3: 1510 daAuts
     D:1: 648 daAuts
     D:2: 446 daAuts
     D:4: 145 daAuts

Table legend:
 A = Kills in this place as a percentage of kills in the entire game.
 B = Kills by you in this place as a percentage of kills by you in the entire game.
 C = Kills by friends in this place as a percentage of kills by friends in the entire game.
 D = Other kills in this place as a percentage of other kills in the entire game.
 E = Experience gained in this place as a percentage of experience gained in the entire game.
 F = Experience gained in this place divided by the number of levels of this place that you have seen.
                   A       B       C       D       E      F
               +-------+-------+-------+-------+-------+----------------------
         Total | 100.0 | 100.0 |   N/A |   N/A | 100.0 |  96.2
       Dungeon | 100.0 | 100.0 |   N/A |   N/A | 100.0 |  96.2
               +-------+-------+-------+-------+-------+----------------------
